 Dungeon Crawl Stone Soup version 0.31-a0-986-g5e6e4ef867 (webtiles) character file.

Game seed: 13272835519730546768

702 domi the Jinx (level 7, 0/69 HPs)
             Began as a Vampire Enchanter on Nov 16, 2023.
             Was an Initiate of Ashenzari.
             Splashed by a jelly's acid (1 damage)
             ... on level 5 of the Dungeon.
             The game lasted 00:10:52 (4321 turns).

domi the Jinx (Vampire Enchanter)                   Turns: 4321, Time: 00:10:52

Health: 0/69       AC: 23    Str:  5 (7)  XL:     7   Next: 38%
Magic:  19/19      EV:  2    Int: 18 (20) God:    Ashenzari [......]
Gold:   164        SH:  0    Dex: 11 (14) Spells: 5/10 levels left

rFire   + . .        d - +1 dagger (venom)
rCold   + . .        (no shield)
rNeg    . . .        b - melded +1 robe
rPois   +            (helmet currently unavailable)
rElec   +            (cloak currently unavailable)
rCorr   +            (gloves currently unavailable)
SInv    +            (boots currently unavailable)
Will    .....        (no amulet)
Stlth   +            f - ring of magical power {MP+9}
HPRegen 0.51/turn    (no ring)
MPRegen 0.16/turn

%: no passive effects
@: tree-form, silenced, resistant, healing quickly
A: stationary, stasis, torment immunity, boosted hp, alive, (fangs 3), see
invisible, vampiric 2
a: Exsanguinate, Renounce Religion, Curse Item


You were on level 5 of the Dungeon.
You worshipped Ashenzari.
Ashenzari was noncommittal.
You were a tree.
You visited 1 branch of the dungeon, and saw 5 of its levels.
You also visited: Sewer.

You collected 164 gold pieces.

Inventory:

Hand Weapons
 a - a +1 dagger
 d - a +1 dagger of venom (weapon)
   (You took it off a kobold on level 1 of the Dungeon)
Missiles
 c - 2 throwing nets {=f, !d=f}
 g - a curare-tipped dart {=f}
Armour
 b - a +1 robe (melded)
 w - a +0 pair of gloves
   (You found it on level 5 of the Dungeon)
Jewellery
 f - a ring of magical power (left branch) {MP+9}
   (You found it on level 1 of the Dungeon)
 n - a ring of positive energy {rN+}
   (You found it on level 2 of the Dungeon)
 r - an amulet of reflection
   (You found it on level 3 of the Dungeon)
 t - a +5 ring of evasion
   (You found it on level 4 of the Dungeon)
Wands
 y - a wand of flame (20)
   (You found it on level 5 of the Dungeon)
Scrolls
 e - a scroll of amnesia {unknown}
 h - 2 scrolls of identify {@r1}
 i - a scroll of silence {!r!r}
 k - 2 scrolls of vulnerability {!r!r}
 p - a scroll of teleportation {@r4}
 s - a scroll of fog
 z - a scroll of noise {!r}
Potions
 j - a potion of lignification {!q!q}
 m - a potion of resistance
 v - a potion of degeneration {!q}
 x - 2 potions of might


   Skills:
 + Level 0.2 Fighting
 + Level 1.2 Short Blades
 - Level 2.1 Dodging
 - Level 4.4 Stealth
 - Level 2.0 Spellcasting
 - Level 10.0 Hexes
 - Level 5.0 Ice Magic


You had 5 spell levels left.
You knew the following spells:

 Your Spells              Type           Power      Damage    Failure   Level
z - Ensorcelled Hibernat  Hex/Ice        56%        N/A       1%          2
Z - Confusing Touch       Hex            37%        N/A       1%          3

Your spell library contained the following spells:

 Spells                   Type           Power      Damage    Failure   Level
 Tukima's Dance           Hex            37%        N/A       1%          3
 Dazzling Flash           Conj/Hex       38%        N/A       7%          3
 Stone Arrow              Conj/Erth      2%         3d7       47%         3
 Animate Armour           Summ/Erth      2%         N/A       87%         4
 Lehudib's Crystal Spear  Conj/Erth      0%         10d2      100%        8


Dungeon Overview and Level Annotations

Branches:
Dungeon (5/15)              Sewer (visited)
 Temple: D:4-7

Altars:
Ashenzari
Xom

Shops:
D:4 ?!(?


Innate Abilities, Weirdness & Mutations

You are a tree.
Your roots penetrate the ground, keeping you stationary.
You cannot be teleported.
You are immune to unholy pain and torment.
Your maximum health is greatly increased.
Your equipment is partially melded.
Your natural rate of healing is accelerated.
((You have razor-sharp teeth.))
You have supernaturally acute eyesight. (SInv)
You are afflicted with vampirism and can become a bat while bloodless.


Message History

You feel clumsy.
The orc priest calls down the wrath of Beogh upon you.
Beogh smites you!
* * * LOW HITPOINT WARNING * * *
The sleepcap releases spores at you but does no damage.
It was a potion of curing.
You feel better.
The sleepcap releases spores at you but does no damage.
It was a potion of resistance.
You feel protected.
The sleepcap releases spores at you but does no damage.
You hit the sleepcap but do no damage.
The sleepcap releases spores at you but does no damage.
You hit the sleepcap but do no damage.
The sleepcap releases spores at you but does no damage.
You hit the sleepcap but do no damage. You hit the sleepcap.
The sleepcap releases spores at you but does no damage.
You hit the sleepcap.
The sleepcap is poisoned.
The sleepcap releases spores at you but does no damage.
You hit the sleepcap.
The sleepcap releases spores at you but does no damage.
You hit the sleepcap but do no damage.
The sleepcap looks even sicker.
The sleepcap releases spores at you but does no damage.
An orc comes into view. It is wielding a +0 dagger.
The orc shouts!
You hit the sleepcap but do no damage. The sleepcap barely misses you.
You hit the sleepcap.
The sleepcap releases spores at you but does no damage.
You hit the sleepcap.
The sleepcap looks as sick as possible!
The sleepcap releases spores at you but does no damage.
The orc priest casts a cantrip, but nothing happens.
You hit the sleepcap.
The sleepcap looks as sick as possible!
Your transformation is almost over.
You destroy the sleepcap!
You hit the adder.
The adder is poisoned.
The adder bites you.
You hit the adder. The adder bites you but does no damage.
The jelly jiggles.
The adder bites you but does no damage.
You closely miss the adder. The adder bites you but does no damage.
You barely miss the adder. The adder bites you but does no damage.
Unknown command.
You hit the adder.
The adder looks as sick as possible!
You kill the adder!
The jelly jiggles.
You hit the orc.
The orc is poisoned.
The orc hits you but does no damage.
The orc priest calls down the wrath of Beogh upon you.
Beogh smites you!
You barely miss the orc. The orc hits you but does no damage.
You hit the orc but do no damage.
The orc looks as sick as possible!
The orc hits you but does no damage.
The orc priest calls down the wrath of Beogh upon you.
Beogh smites you!
* * * LOW HITPOINT WARNING * * *
Unknown command.
Okay, then.
Okay, then.
As you read the scroll labelled VUIDIN BOURR, it crumbles to dust.
It is a scroll of identify.
z - a scroll of noise You kill the orc!
As you read the scroll labelled SELAAC TYTIKI, it crumbles to dust.
It is a scroll of enchant armour.
Your +0 robe glows green for a moment.
You feel less wooden.
Your +1 robe unmelds from your body.
The orc priest closely misses you.
You hit the orc priest.
The orc priest is poisoned.
The orc priest hits you with a +0 club.
* * * LOW HITPOINT WARNING * * *
Okay, then.
As you read the scroll labelled VUROLI OFOTT, it crumbles to dust.
A profound silence engulfs you.
It was a scroll of silence.
The orc priest closely misses you.
Magic scrolls do not work when you're silenced!
You hit the orc priest.
The orc priest looks as sick as possible!
The orc priest closely misses you.
You barely miss the orc priest. The orc priest hits you with a +0 club.
* * * LOW HITPOINT WARNING * * *
You hit the orc priest.
You kill the orc priest!
Training target 5.0 for Ice Magic reached!
Your Ice Magic skill increases to level 5!
You need to enable at least one skill for training.
You hit the orc.
The orc is poisoned.
Your bite misses the orc. The orc hits you with a +0 dagger.
* * * LOW HITPOINT WARNING * * *
You turn into a tree.
Your +1 robe melds into your body.
Your roots penetrate the ground.
The orc hits you but does no damage.
You hit the orc.
You kill the orc!
You hit the jelly.
Your branches burn!
* * * LOW HITPOINT WARNING * * *
The jelly hits you but does no damage.
You hit the jelly.
Your branches burn!
* * * LOW HITPOINT WARNING * * *
You hit the jelly.
Your branches burn!
* * * LOW HITPOINT WARNING * * *
The jelly hits you but does no damage.
You hit the jelly.
Your branches burn!
You die...

........# ##...........#
..........# #...........#
..........# #..)........#
....o.....# #..........##
..........# #..........#
.......S..# ##..........#
..........# #..........##
..........#####..........#
...........J♣..........###
........######..########
##.$...## #..## ##....
#.).# ##..# #...# ###
###..## ##.#...#
###......###
##..........##


You could see a jelly.

Vanquished Creatures
  Edmund (D:5)
  A kobold brigand (Sewer)
  A scorpion (D:5)
  An orc priest (D:5)
  A sleepcap (D:5)
  A gnoll bouda (D:5)
  2 iguanas
  2 orc wizards (D:5)
  11 adders
  5 gnolls (D:5)
  3 river rats
  A shadow imp (D:5)
  A worm (D:2)
  A dart slug (D:3)
  5 orcs
  8 ball pythons
  5 endoplasms
  5 giant cockroaches
  6 hobgoblins
  7 jackals
  2 quokkas
  5 bats
  5 frilled lizards
  3 goblins
  8 kobolds
  9 rats
100 creatures vanquished.

Notes
Turn   | Place    | Note
-------+----------+-------------------------------------------
     0 | D:1      | domi the Vampire Enchanter began the quest for the Orb.
     0 | D:1      | Reached XP level 1. HP: 13/13 MP: 3/3
    32 | D:1      | HP: 3/13 [poisoned by a kobold]
    35 | D:1      | HP: 1/13 [poisoned by a kobold]
   115 | D:1      | Reached skill level 5 in Hexes
   128 | D:1      | Reached XP level 2. HP: 16/19 MP: 5/5
   251 | D:1      | Found a faded altar of an unknown god.
   284 | D:1      | Prayed at the altar of an unknown god.
   284 | D:1      | Became a worshipper of Ashenzari the Shackled
   855 | D:2      | Reached skill level 6 in Hexes
   933 | D:2      | Gained mutation: You are afflicted with vampirism and can
                  | become a bat while bloodless. [Vampire growth]
   933 | D:2      | Reached XP level 3. HP: 23/24 MP: 6/6
  1565 | D:3      | Reached skill level 7 in Hexes
  1565 | D:3      | Reached XP level 4. HP: 30/30 MP: 7/7
  1572 | D:3      | Learned a level 2 spell: Ensorcelled Hibernation
  1576 | D:3      | Learned a level 3 spell: Confusing Touch
  2030 | D:3      | Found a shimmering altar of Xom.
  2282 | D:4      | Found Qaiz's Antique Weapon Boutique.
  2310 | D:4      | Found Odghey's Magic Scroll Emporium.
  2538 | D:4      | Found Heumi's Magic Scroll Shop.
  2573 | D:4      | Found Ciyryusu's Distillery.
  2712 | D:4      | Reached skill level 1 in Ice Magic
  2824 | D:5      | Entered Level 5 of the Dungeon
  2877 | D:5      | Found a glowing drain.
  2887 | Sewer    | Entered a sewer
  2985 | Sewer    | Reached XP level 5. HP: 15/35 MP: 8/8
  3151 | Sewer    | Reached skill level 8 in Hexes
  3151 | Sewer    | Reached skill level 2 in Ice Magic
  3442 | Sewer    | Reached XP level 6. HP: 28/41 MP: 9/9
  3740 | D:5      | Reached skill level 3 in Ice Magic
  3787 | D:5      | Reached skill level 9 in Hexes
  3996 | D:5      | Noticed Edmund
  4011 | D:5      | HP: 8/41 [Edmund/+1 flail of protection (7)]
  4012 | D:5      | Killed Edmund
  4013 | D:5      | Reached skill level 4 in Ice Magic
  4013 | D:5      | Reached XP level 7. HP: 10/46 MP: 10/10
  4128 | D:5      | Reached skill level 10 in Hexes
  4286 | D:5      | HP: 16/69 [orc priest/divine providence (10)]
  4307 | D:5      | HP: 8/69 [orc priest/divine providence (15)]
  4310 | D:5      | HP: 2/46 [orc priest/+0 club (4)]
  4315 | D:5      | Reached skill level 5 in Ice Magic
  4315 | D:5      | HP: 2/46 [orc/+0 dagger (2)]
  4320 | D:5      | HP: 1/69 [acid (1)]
  4321 | D:5      | Splashed by a jelly's acid

Illustrated notes

Levels and vault maps discovered:
D:1:      heliophobic_arrival_glass_houses, layout_basic,
          hellmonk_ecumenical_altar_crossroads, minmay_misc_feat_cross
D:2:      minmay_spotlight, layout_basic, nicolae_concentric_dashed_squares_wild
D:3:      layout_basic, mainiacjoe_overflow_tiny_flanked
D:4:      layout_loops_ring, serial_shops, nicolae_shop_crystal, shop, shop,
          nicolae_shop_hallway_stairs
D:5:      layout_cave_pods, serial_shops, nicolae_shop_advertising_works
          [nicolae_subvault_shop_adworks], portal_sewer_entry_a, uniq_edmund

Skill      XL: |  1  2  3  4  5  6  7 |
---------------+----------------------+-----
Hexes          | 5 6 7 8 9 10 | 10.0
Ice Magic      | 1 2 4 5 |  5.0
Fighting       | |  0.2
Short Blades   | |  1.2
Dodging        | |  2.1
Stealth        | |  4.4
Spellcasting   | |  2.0

Action                     |  1- 3 |  4- 6 |  7- 9 || total
---------------------------+-------+-------+-------++-------
  Melee: Dagger            |    86 |   212 |    55 ||   353
         Bite              |    10 |    16 |     6 ||    32
         Punch             |     2 |     1 |       ||     3
    Use: Scroll            |       |     6 |     3 ||     9
         Potion            |       |     1 |     9 ||    10
   Stab: Sleeping          |     6 |     7 |       ||    13
         Invisible         |       |     1 |     3 ||     4
 Armour: Robe              |    42 |   116 |    16 ||   174
         Skin              |       |       |    23 ||    23
  Dodge: Dodged            |    52 |   130 |    23 ||   205

Table legend: (Time is in decaauts)
 A = Elapsed time spent in this place.
 B = Non-inter-level travel time spent in this place.
 C = Inter-level travel time spent in this place.
 D = Time resting spent in this place.
 E = Time spent auto-exploring this place.
 F = Levels seen in this place.
 G = Mean time per level.
                   A        B        C        D        E       F      G
               +--------+--------+--------+--------+--------+-----+--------+
         Total |   4435 |   4269 |    166 |    122 |   3318 |   6 |  739.2 |
       Dungeon |   3463 |   3297 |    166 |     75 |   2595 |   5 |  692.6 |
         Sewer |    971 |    971 |      0 |     47 |    723 |   1 |  971.0 |
               +--------+--------+--------+--------+--------+-----+--------+

Top non-repeatable levels by time:
   Sewer: 971 daAuts
     D:2: 829 daAuts
     D:1: 694 daAuts
     D:5: 649 daAuts
     D:4: 648 daAuts
     D:3: 642 daAuts

Levels and vault maps discovered:
D:1:      heliophobic_arrival_glass_houses, layout_basic,
          hellmonk_ecumenical_altar_crossroads, minmay_misc_feat_cross
D:2:      minmay_spotlight, layout_basic, nicolae_concentric_dashed_squares_wild
D:3:      layout_basic, mainiacjoe_overflow_tiny_flanked
D:4:      layout_loops_ring, serial_shops, nicolae_shop_crystal, shop, shop,
          nicolae_shop_hallway_stairs
D:5:      layout_cave_pods, serial_shops, nicolae_shop_advertising_works
          [nicolae_subvault_shop_adworks], portal_sewer_entry_a, uniq_edmund

Table legend: (Time is in decaauts)
 A = Elapsed time spent in this place.
 B = Non-inter-level travel time spent in this place.
 C = Inter-level travel time spent in this place.
 D = Time resting spent in this place.
 E = Time spent auto-exploring this place.
 F = Levels seen in this place.
 G = Mean time per level.
                   A        B        C        D        E       F      G
               +--------+--------+--------+--------+--------+-----+--------+
         Total |   4435 |   4269 |    166 |    122 |   3318 |   6 |  739.2 |
       Dungeon |   3463 |   3297 |    166 |     75 |   2595 |   5 |  692.6 |
         Sewer |    971 |    971 |      0 |     47 |    723 |   1 |  971.0 |
               +--------+--------+--------+--------+--------+-----+--------+

Top non-repeatable levels by time:
   Sewer: 971 daAuts
     D:2: 829 daAuts
     D:1: 694 daAuts
     D:5: 649 daAuts
     D:4: 648 daAuts
     D:3: 642 daAuts

Table legend:
 A = Kills in this place as a percentage of kills in the entire game.
 B = Kills by you in this place as a percentage of kills by you in the entire game.
 C = Kills by friends in this place as a percentage of kills by friends in the entire game.
 D = Other kills in this place as a percentage of other kills in the entire game.
 E = Experience gained in this place as a percentage of experience gained in the entire game.
 F = Experience gained in this place divided by the number of levels of this place that you have seen.
                   A       B       C       D       E      F
               +-------+-------+-------+-------+-------+----------------------
         Total | 100.0 | 100.0 |   N/A |   N/A | 100.0 | 167.2
       Dungeon |  77.0 |  77.0 |   N/A |   N/A |  77.4 | 155.2
         Sewer |  23.0 |  23.0 |   N/A |   N/A |  22.6 | 227.0
               +-------+-------+-------+-------+-------+----------------------
